 Dungeon Crawl Stone Soup version 0.26-a0-652-gafc20e3620 (webtiles) character file.

Game seed: 12701725167250189178

9 DogServant the Gusty (level 2, -4/16 HPs)
             Began as a Kobold Air Elementalist on Oct 1, 2020.
             Slain by Natasha (10 damage)
             ... on level 2 of the Dungeon.
             The game lasted 00:00:57 (422 turns).

DogServant the Gusty (Kobold Air Elementalist)       Turns: 422, Time: 00:00:57

Health: -4/16      AC:  2    Str:  5    XL:     2   Next: 25%
Magic:  0/5        EV: 15    Int: 16    God:
Gold:   0          SH:  0    Dex: 15    Spells: 4/5 levels left

rFire    . . .     SeeInvis .   c - -2 dagger (curse)
rCold    . . .     Faith    .   (shield restricted)
rNeg     . . .     Spirit   .   a - +0 robe
rPois    .         Reflect  .   (no helmet)
rElec    .         Harm     .   (no cloak)
rCorr    .         Rampage  .   (no gloves)
MR       .....                  (no boots)
Stlth    +++.......             (no amulet)
HPRegen  0.05/turn              (no ring)
MPRegen  0.09/turn              (no ring)

@: no status effects
A: small, nightstalker 3
a: no special abilities


You were on level 2 of the Dungeon.
You visited 1 branch of the dungeon, and saw 2 of its levels.

Inventory:

Hand Weapons
 b - a +0 dagger
 c - a cursed -2 dagger (weapon)
Armour
 a - a +0 robe (worn)
Potions
 d - a potion of magic {unknown}


   Skills:
 + Level 0.7 Fighting
 - Level 2.4 Dodging
 - Level 2.6 Stealth
 + Level 2.4 Spellcasting
 + Level 1.3 Conjurations
 + Level 3.1 Air Magic


You had 4 spell levels left.
You knew the following spells:

 Your Spells              Type           Power        Failure   Level
a - Shock                 Conj/Air       #...         8%          1

Your spell library contained the following spells:

 Spells                   Type           Power        Failure   Level
 Swiftness                Air            ##......     9%          2
 Static Discharge         Conj/Air       #.......     24%         3
 Airstrike                Air            ##........   47%         4
 Lightning Bolt           Conj/Air       #.........   91%         5


Dungeon Overview and Level Annotations

Branches:
Dungeon (1/15)

Altars:

Annotations:
D:2 Natasha


Innate Abilities, Weirdness & Mutations

You are small and have problems with some larger weapons.
You are completely attuned to the shadows.


Message History

Natasha claws you but does no damage.
You closely miss Natasha.
Natasha is heavily wounded.
The crimson imp blinks!
Natasha closely misses you.
You hit Natasha.
Natasha is severely wounded.
Natasha claws you.
Casting: Shock (safe; 8% risk of failure)
Confirm with . or Enter, or press ? or * to list all spells.
Aiming: Shock (safe; 8% risk of failure)
Press: ? - help, Shift-Dir - straight line, f/p - Natasha
Aim: Natasha (severely wounded)
The zap hits Natasha.
Natasha is almost dead.
The crimson imp completely misses you. Natasha barely misses you.
You hit Natasha but do no damage.
Natasha is almost dead.
The crimson imp hits you. Natasha claws you!
Ouch! That really hurt!
You die...

#........#
###†##(..+
#.##.###
#†##.#
#.##†#
#.##.#
#.##.#
#5##.#
#@##.#
#h##.#
#.##.#
#.##.# #.#
#.# .....#
.....#
..5..#


You could see Natasha and a crimson imp (summoned).

Vanquished Creatures
  A worm (D:2)
  A bat (D:2)
  3 goblins
  A kobold (D:2)
6 creatures vanquished.

Notes
Turn   | Place    | Note
-------+----------+-------------------------------------------
     0 | D:1      | DogServant the Kobold Air Elementalist began the quest for
                  | the Orb.
     0 | D:1      | Reached XP level 1. HP: 10/10 MP: 3/3
   135 | D:1      | You fall into a shaft and drop 1 floor!
   141 | D:2      | Reached XP level 2. HP: 16/16 MP: 0/5
   405 | D:2      | Noticed Natasha
   410 | D:2      | Noticed a crimson imp
   422 | D:2      | Slain by Natasha

Illustrated notes

Levels and vault maps discovered:
D:1:      shiori_arrival_maze, layout_basic, chequers_serial_rivers_micro_b,
          kennysheep_nondescript
D:2:      layout_basic, uniq_natasha, uniq_sigmund, uniq_crazy_yiuf_cottage

Action                   || total
-------------------------++-------
Melee: Dagger            ||    30
       Unarmed           ||     1
 Cast: Shock             ||    18
 Stab: Sleeping          ||     1
Armor: Robe              ||     6
Dodge: Dodged            ||    23

Table legend: (Time is in decaauts)
 A = Elapsed time spent in this place.
 B = Non-inter-level travel time spent in this place.
 C = Inter-level travel time spent in this place.
 D = Time resting spent in this place.
 E = Time spent auto-exploring this place.
 F = Levels seen in this place.
 G = Mean time per level.
                   A        B        C        D        E       F      G
               +--------+--------+--------+--------+--------+-----+--------+
         Total |    420 |    411 |      9 |      0 |    338 |   2 |  210.0 |
       Dungeon |    420 |    411 |      9 |      0 |    338 |   2 |  210.0 |
               +--------+--------+--------+--------+--------+-----+--------+

Top non-repeatable levels by time:
     D:2: 286 daAuts
     D:1: 134 daAuts
